 Dungeon Crawl Stone Soup version 0.29-a0-40-g8eb35efe60 (webtiles) character file.

Game seed: 11697695328404286128

655 ddubois the Skirmisher (level 7, -2/57 HPs)
             Began as a Palentonga Transmuter on Feb 1, 2022.
             Was a Believer of Cheibriados.
             Slain by an adder (4 damage)
             ... on level 6 of the Dungeon.
             The game lasted 00:19:45 (6405 turns).

ddubois the Skirmisher (Palentonga Transmuter)      Turns: 6405, Time: 00:19:46

Health: -2/57      AC: 18    Str: 21    XL:     7   Next: 29%
Magic:  6/10       EV:  5    Int: 20    God:    Cheibriados [**....]
Gold:   125        SH:  0    Dex: 16    Spells: 9/10 levels left

rFire   . . .      SeeInvis +   p - +0 war axe
rCold   . . .      Faith    .   (no shield)
rNeg    . . .      Spirit   .   q - +0 plate armour
rPois   .          Reflect  .   r - +0 helmet
rElec   .          Harm     .   (no cloak)
rCorr   .          Rampage  .   D - +0 pair of gloves
Will    .....                   (no barding)
Stlth   ..........              (no amulet)
HPRegen 0.19/turn               (no ring)
MPRegen 0.12/turn               (no ring)

@: curled up, very slow
A: large, rugged brown scales 3, see invisible, deformed body, roll 1, armoured
tail, reflexive curl
a: Rolling Charge, Renounce Religion, Bend Time


You were on level 6 of the Dungeon.
You worshipped Cheibriados.
Cheibriados was pleased with you.
You visited 1 branch of the dungeon, and saw 6 of its levels.
You also visited: Ossuary.

You collected 174 gold pieces.
You spent 49 gold pieces at shops.

Inventory:

Hand Weapons
 d - a +0 mace
 f - a +2 vampiric dagger
 h - a +1 vorpal arbalest
 p - a +0 war axe (weapon)
Missiles
 i - 75 arrows
 k - 73 stones
 l - 92 sling bullets
 s - 2 poisoned darts (quivered)
 w - 6 curare-tipped darts
 B - a boomerang
Armour
 a - a +0 robe
 q - a +0 plate armour (worn)
 r - a +0 helmet (worn)
 D - a +0 pair of gloves (worn)
Jewellery
 g - a ring of protection from fire
Wands
 b - a wand of iceblast (16)
 u - a wand of mindburst (17)
Scrolls
 c - 3 scrolls of amnesia
 j - 2 scrolls of immolation
 m - a scroll of teleportation
 x - a scroll of vulnerability
 y - 3 scrolls of fear {unknown}
 C - a scroll of fog {unknown}
 F - 2 scrolls of magic mapping {unknown}
Potions
 e - 2 potions of curing
 n - 3 potions of flight
 o - a potion of might
 t - a potion of lignification
 v - a potion of haste
 z - a potion of mutation
 A - a potion of cancellation
 E - a potion of magic


   Skills:
 - Level 4.0 Fighting
 * Level 3.6 Axes
 + Level 1.9 Armour
 + Level 3.9 Dodging
 - Level 3.0 Unarmed Combat
 - Level 2.0 Spellcasting
 - Level 2.0 Transmutations
 + Level 2.0 Invocations


You had 9 spell levels left.
You knew the following spells:

 Your Spells              Type           Power      Damage    Failure   Level
a - Beastly Appendage     Tmut           20%        N/A       89%         1

Your spell library contained the following spells:

 Spells                   Type           Power      Damage    Failure   Level
 Wereblood                Tmut           10%        N/A       96%         2
 Sandblast                Erth           4%         2d4       99%         1
 Passwall                 Tmut/Erth      5%         N/A       99%         2
 Dazzling Flash           Conj/Hex       4%         N/A       100%        3
 Spider Form              Tmut/Pois      6%         N/A       100%        3
 Stone Arrow              Conj/Erth      4%         3d7       100%        3
 Ice Form                 Ice/Tmut       6%         N/A       100%        4
 Iskenderun's Mystic Bla  Conj/Tloc      2%         2d3       100%        4
 Summon Lightning Spire   Summ/Air       2%         N/A       100%        4
 Starburst                Conj/Fire      1%         6d3       100%        6
 Storm Form               Tmut/Air       3%         N/A       100%        7
 Maxwell's Capacitive Co  Air            1%         ∞         100%        8


Dungeon Overview and Level Annotations

Branches:
Dungeon (6/15)             Temple (0/1) D:6         Ossuary (visited)

Altars:
Cheibriados

Shops:
D:5 [*=

Annotations:
D:3 4 runed translucent doors, Crazy Yiuf; mitchisshort's ghost, weakling DgFE
D:6 Blork the orc; Duvessa


Innate Abilities, Weirdness & Mutations

You are completely covered in rugged brown scales. (AC +3, +7% HP)
You have supernaturally acute eyesight. (SInv)
Armour fits poorly on your strangely shaped body.
You can roll at nearby foes to attack.
You have a long armoured tail.
You curl defensively after being hit. (AC +7*)


Message History

Dowan hits you with a +2 dagger of venom.
You are more poisoned.
Duvessa hits you but does no damage.
You slash Dowan!
Dowan is almost dead.
You closely miss Duvessa.
You feel very sick.
Dowan hits you with a +2 dagger of venom.
You are more poisoned.
Duvessa hits you but does no damage. Dowan hits you but does no damage.
You hit Dowan.
You kill Dowan!
Cheibriados appreciates the change of pace.
Duvessa weeps, and shakes her weapon.
Duvessa goes berserk!
You hit Duvessa.
You feel very sick. Duvessa hits you with a +0 rapier.
Duvessa hits you but does no damage.
Your Invocations skill increases to level 2!
Unknown command.
Unknown command.
Unknown command.
You feel better. Duvessa hits you with a +0 rapier!
Duvessa hits you but does no damage.
As you read the scroll of teleportation, it crumbles to dust.
You feel strangely unstable. Duvessa hits you with a +0 rapier!
* * * LOW HITPOINT WARNING * * *
You hear a shout! x2
You warp the flow of time around you!
You can no longer warp the flow of time around you.
You start resting.
You hear a shout!
Your surroundings suddenly seem different.
An adder comes into view.
The adder bites you but does no damage. The adder bites you.
* * * LOW HITPOINT WARNING * * *
You closely miss the adder. The adder barely misses you.
You hit the adder.
The adder is lightly wounded.
The adder bites you.
You die...

###
..#
#.#
#.#
#@#
#S#
#.#
#.#
#.#
#..
###


You could see an adder.

Vanquished Creatures
  A kobold brigand (D:6)
  A bullfrog (D:6)
  A water moccasin zombie (Ossuary)
  A scorpion (D:6)
  Dowan (D:6)
  A jelly (D:5)
  A bullfrog skeleton (D:6)
  A hound (D:6)
  Ijyb (D:3)
  An orc wizard (D:5)
  3 mummies
  3 adders
  5 adder zombies (Ossuary)
  A worm (D:3)
  6 dart slugs
  16 orcs
  9 bats
  4 endoplasms
  A giant cockroach (D:2)
  11 hobgoblins
  3 jackals (D:4)
  2 quokkas
  5 ball pythons
  4 frilled lizards (D:1)
  10 goblins
  3 hobgoblin zombies (Ossuary)
  15 kobolds
  10 kobold zombies (Ossuary)
  6 orc zombies (Ossuary)
  5 rats
132 creatures vanquished.

Notes
Turn   | Place    | Note
-------+----------+-------------------------------------------
     0 | D:1      | ddubois the Palentonga Transmuter began the quest for the
                  | Orb.
     0 | D:1      | Reached XP level 1. HP: 16/16 MP: 3/3
   500 | D:1      | Reached XP level 2. HP: 22/22 MP: 5/5
   743 | D:1      | Reached skill level 2 in Fighting
   911 | D:1      | Reached XP level 3. HP: 24/28 MP: 6/6
  2118 | D:2      | Found a faded altar of an unknown god.
  2128 | D:2      | Prayed at the altar of an unknown god.
  2128 | D:2      | Became a worshipper of Cheibriados the Contemplative
  2128 | D:2      | Reached * piety under Cheibriados
  2810 | D:3      | Reached XP level 4. HP: 28/36 MP: 7/7
  2810 | D:3      | Noticed Ijyb
  2847 | D:3      | HP: 1/36 [Ijyb (4)]
  2851 | D:3      | Killed Ijyb
  2852 | D:3      | Reached skill level 3 in Fighting
  3269 | D:3      | Found a runed translucent gate.
  3269 | D:3      | Found a runed translucent gate.
  3269 | D:3      | Found a runed translucent gate.
  3269 | D:3      | Noticed mitchisshort's ghost (weakling DgFE)
  3376 | D:3      | Found a runed translucent door.
  3377 | D:3      | Noticed Crazy Yiuf
  4048 | D:4      | Reached XP level 5. HP: 43/43 MP: 8/8
  4101 | D:4      | Reached ** piety under Cheibriados
  4131 | D:4      | Found a sand-covered staircase.
  4132 | D:4      | You fall into a shaft and drop 2 floors!
  4142 | D:6      | Reached skill level 1 in Axes
  4166 | D:6      | Found a staircase to the Ecumenical Temple.
  4189 | D:6      | Reached skill level 1 in Armour
  4189 | D:6      | Reached XP level 6. HP: 9/51 MP: 5/9
  4216 | D:5      | Entered Level 5 of the Dungeon
  4408 | Ossuary  | Entered an ossuary
  4826 | Ossuary  | Reached skill level 1 in Invocations
  5085 | D:4      | Reached skill level 4 in Fighting
  5550 | D:5      | Found Ageg Baps's Armour Shop.
  5553 | D:5      | Bought a +0 pair of gloves for 49 gold pieces
  5597 | D:5      | Found Zucu's Jewellery Emporium.
  5910 | D:5      | Found Fapim's CLEARANCE SALE!.
  6014 | D:6      | Noticed Blork the orc
  6082 | D:6      | Gained mutation: You curl defensively after being hit. (AC
                  | +7*) [Palentonga growth]
  6082 | D:6      | Reached XP level 7. HP: 43/57 MP: 10/10
  6146 | D:6      | Reached *** piety under Cheibriados
  6387 | D:6      | Noticed Dowan
  6392 | D:6      | Noticed Duvessa
  6399 | D:6      | Killed Dowan
  6403 | D:6      | HP: 2/57 [adder (2)]
  6405 | D:6      | Slain by an adder

Illustrated notes

Levels and vault maps discovered:
D:1:      zaba_arrival_water, layout_basic
D:2:      layout_basic, basic_ecumenical_altar, chequers_serial_rivers_room_a
D:3:      layout_loops_ring, gammafunk_ghost_necromancy, uniq_ijyb,
          uniq_crazy_yiuf_cottage
D:4:      layout_basic, gup_ossuary_entry_pyramid
D:5:      layout_rooms, serial_shops, shop, kennysheep_mini_moat,
          nicolae_shop_clearance
D:6:      cheibrodos_thug_alley, layout_loops_ring,
          minmay_temple_entry_butterflies, uniq_blork_the_orc, uniq_duvessa

Skill      XL: |  1  2  3  4  5  6  7 |
---------------+----------------------+-----
Dodging        | 2 3 |  3.9
Fighting       | 2 3 4 |  4.0
Axes           | 1 3 |  3.6
Armour         | 1 |  1.9
Invocations    | 1 2 |  2.0
Unarmed Combat | |  3.0
Spellcasting   | |  2.0
Transmutations | |  2.0

Action                   |  1- 3 |  4- 6 |  7- 9 || total
-------------------------+-------+-------+-------++-------
Melee: Unarmed           |    17 |       |       ||    17
       Mace              |    80 |       |       ||    80
       Tailslap          |    15 |    26 |     1 ||    42
       Punch             |     4 |     5 |       ||     9
       Dagger            |    45 |    51 |       ||    96
       War axe           |       |   183 |    32 ||   215
Throw: Dart              |       |       |     1 ||     1
Invok: Bend Time         |       |     2 |     1 ||     3
       Temporal Distorti |       |       |     1 ||     1
 Abil: Rolling Charge    |    39 |    28 |     5 ||    72
  Use: Potion            |       |     7 |     3 ||    10
       Scroll            |       |     9 |     3 ||    12
 Stab: Sleeping          |       |     2 |       ||     2
Armor: Robe              |    26 |       |       ||    26
       Plate armour      |    20 |   145 |    28 ||   193
       Skin              |       |     7 |       ||     7
Dodge: Dodged            |    41 |    36 |    14 ||    91

Table legend: (Time is in decaauts)
 A = Elapsed time spent in this place.
 B = Non-inter-level travel time spent in this place.
 C = Inter-level travel time spent in this place.
 D = Time resting spent in this place.
 E = Time spent auto-exploring this place.
 F = Levels seen in this place.
 G = Mean time per level.
                   A        B        C        D        E       F      G
               +--------+--------+--------+--------+--------+-----+--------+
         Total |   7662 |   7391 |    271 |    877 |   5006 |   7 | 1094.6 |
       Dungeon |   7061 |   6790 |    271 |    541 |   5006 |   6 | 1176.8 |
       Ossuary |    601 |    601 |      0 |    336 |      0 |   1 |  601.0 |
               +--------+--------+--------+--------+--------+-----+--------+

Top non-repeatable levels by time:
     D:3: 1782 daAuts
     D:1: 1401 daAuts
     D:2: 1190 daAuts
     D:4: 1043 daAuts
     D:5: 962 daAuts
     D:6: 681 daAuts
 Ossuary: 601 daAuts
